 Dungeon Sprint DCSS version 0.21.2 (webtiles) character file.

3038 Fang the Cleaver (level 9, -1/97 HPs)
             Began as a Gargoyle Berserker on Dec 21, 2018.
             Was the Champion of Trog.
             Slain by a vampire knight
             ... wielding a +0 halberd
              (16 damage)
             ... in the Dungeon (Sprint VII: "The Pits").
             The game lasted 00:01:51 (852 turns).

Fang the Cleaver (Gargoyle Berserker)                Turns: 852, Time: 00:01:51

Health: -1/97      AC: 24    Str: 28    XL:     9   Next: 86%
Magic:  3/3        EV: 10    Int: 12    God:    Trog [******]
Gold:   0          SH:  0    Dex: 12    Spells: 8/8 levels left

rFire    . . .     SeeInvis .   v - +3 battleaxe (antimagic)
rCold    . . .     Gourm    .   (shield currently unavailable)
rNeg     + . .     Faith    .   o - +2 plate armour
rPois    ∞         Spirit   .   u - +0 helmet
rElec    +         Reflect  .   (no cloak)
rCorr    .         Harm     .   (no gloves)
MR       .....     NoTele   +   (no boots)
Stlth    ..........             (no amulet)
HPRegen  0.26/turn              q - +3 ring of intelligence
MPRegen  0.08/turn              r - +3 ring of dexterity

@: berserking (expiring), slowed
A: negative energy resistance 1, electricity resistance, unbreathing,
petrification resistance, rot immunity, AC +6
a: Berserk, Trog's Hand, Brothers in Arms, Burn Spellbooks, Renounce Religion


You were in the Dungeon.
You worshipped Trog.
Trog was exalted by your worship.
You were hungry.

You visited 1 branch

Inventory:

Hand Weapons
 p - a +1 hand axe of freezing
 t - a +2 war axe of pain
 v - a +3 antimagic battleaxe (weapon)
Armour
 o - a +2 plate armour (worn)
 u - a +0 helmet (worn)
Jewellery
 q - a +3 ring of intelligence (left hand)
 r - a +3 ring of dexterity (right hand)
Wands
 m - a wand of flame (22)
Scrolls
 i - a scroll of blinking
 k - 3 scrolls of remove curse
 l - a scroll of summoning
Potions
 a - 2 potions of invisibility
 d - 6 potions of curing
 e - 10 potions of heal wounds
 f - 3 potions of haste
 g - 4 potions of magic
 h - 4 potions of berserk rage
 s - 2 potions of agility
Comestibles
 c - 8 rations


   Skills:
 + Level 12.2 Fighting
 + Level 14.2 Axes
 + Level 9.9 Armour
 + Level 6.2 Dodging
 + Level 1.8 Stealth


You had 8 spell levels left.
You didn't know any spells.

Dungeon Overview and Level Annotations

Branches:
Dungeon (1/1)

Altars:


Innate Abilities, Weirdness & Mutations

You are resistant to torment.
Your stone body is resilient. (AC +6)
You are immune to poison.
You resist negative energy. (rN+)
You are resistant to electric shocks. (rElec)
You can survive without breathing.
You are immune to petrification.
You are immune to rotting.


Message History

The vampire knight hits you but does no damage.
Unknown command.
You slash the freezing wraith!
The freezing wraith is severely damaged.
The freezing wraith hits you! The freezing wraith freezes you!
The freezing wraith hits you but does no damage.
The vampire knight gestures wildly while chanting.
The vampire knight flickers and vanishes!
Deactivating autopickup; reactivate with Ctrl-A.
You barely miss the freezing wraith.
The freezing wraith is severely damaged.
Something hits you! The freezing wraith hits you!
The freezing wraith freezes you!!
* * * LOW HITPOINT WARNING * * *
The freezing wraith hits you but does no damage.
You are too injured to fight recklessly!
Unknown command.
You are too injured to fight recklessly!
Something hits you!
You die...

#####'#####''######
##.......##''#
##.......##..#
##.......##).# +#
##...<...##†.# #.##
##.......##.†# #...##
##.......##..####.....#
##.......##...##W.....#.
##########....'@.....'.
###########...##){....#.
....#!.[[##..####.....#
....#.!.[##..# #...##
....'...)##..# #.##
....#..))##..# +#
....#..))##..#
##############


You could see a freezing wraith.

Vanquished Creatures
  A deep elf mage (D)
  An ice devil (D)
  6 dream sheep (D)
  A flying skull (D)
  A spriggan (D)
  A wyvern (D)
  A hungry ghost (D)
  A soldier ant (D)
  A floating eye (D)
  A necrophage (D)
  A phantom (D)
  A crocodile (D)
  A big kobold (D)
  A bullfrog (D)
  A jelly (D)
  Crazy Yiuf (D)
  A mummy (D)
  2 adders (D)
  An ooze (D)
  An adder zombie (D)
  2 leopard geckos (D)
  An orc (D)
  A hobgoblin (D)
  7 jackals (D)
  A frilled lizard (D)
  A rat (D)
39 creatures vanquished.

Notes
Turn   | Place    | Note
-------+----------+-------------------------------------------
     0 | D        | Fang the Gargoyle Berserker began the quest for the Orb.
     0 | D        | Reached XP level 1. HP: 14/14 MP: 1/1
    14 | D        | Reached skill level 3 in Axes
    52 | D        | Noticed a floating eye
    54 | D        | Paralysed by a floating eye for 2 turns
    56 | D        | Reached ** piety under Trog
    61 | D        | Paralysed by a floating eye for 4 turns
    67 | D        | Killed a floating eye
    67 | D        | Reached skill level 6 in Axes
    67 | D        | Reached XP level 2. HP: 22/23 MP: 2/2
    67 | D        | Reached XP level 3. HP: 27/28 MP: 3/3
    67 | D        | Reached XP level 4. HP: 31/32 MP: 4/4
    77 | D        | Reached *** piety under Trog
    80 | D        | Reached XP level 5. HP: 37/37 MP: 5/5
   110 | D        | Noticed Crazy Yiuf
   114 | D        | Killed Crazy Yiuf
   114 | D        | Reached **** piety under Trog
   114 | D        | Received a gift from Trog
   116 | D        | Reached skill level 7 in Axes
   317 | D        | Noticed a deep elf mage
   317 | D        | Noticed a flying skull
   318 | D        | Noticed a fire elemental
   332 | D        | Killed a flying skull
   332 | D        | Reached skill level 9 in Axes
   332 | D        | Reached XP level 6. HP: 45/45 MP: 6/6
   336 | D        | Reached ***** piety under Trog
   340 | D        | Noticed a fire elemental
   340 | D        | Killed a deep elf mage
   340 | D        | Reached skill level 10 in Fighting
   340 | D        | Reached skill level 11 in Axes
   340 | D        | Reached skill level 5 in Armour
   340 | D        | Reached skill level 5 in Dodging
   340 | D        | Reached XP level 7. HP: 47/52 MP: 7/7
   460 | D        | Noticed a hungry ghost
   492 | D        | Killed a hungry ghost
   492 | D        | Reached XP level 8. HP: 57/58 MP: 8/8
   535 | D        | Reached skill level 12 in Axes
   577 | D        | Noticed a dream sheep
   577 | D        | Noticed a dream sheep
   577 | D        | Noticed a dream sheep
   577 | D        | Noticed a dream sheep
   577 | D        | Noticed a dream sheep
   577 | D        | Noticed a dream sheep
   577 | D        | Noticed an ice devil
   581 | D        | Killed a dream sheep
   581 | D        | Received a gift from Trog
   582 | D        | Killed a dream sheep
   587 | D        | Killed an ice devil
   587 | D        | Reached skill level 1 in Stealth
   587 | D        | Reached XP level 9. HP: 64/64 MP: 9/9
   589 | D        | Reached skill level 13 in Axes
   611 | D        | Reached ****** piety under Trog
   776 | D        | Received a gift from Trog
   783 | D        | Reached skill level 14 in Axes
   839 | D        | Noticed a freezing wraith
   839 | D        | Noticed a vampire knight
   852 | D        | Slain by a vampire knight

Skill      XL: |  1  2  3  4  5  6  7  8  9 |
---------------+----------------------------+-----
Axes           | 6 9 11 12 14 | 14.2
Fighting       | 6 8 10 11 12 | 12.2
Armour         | 3 4 5 6 8 9 |  9.9
Dodging        | 3 4 5 6 |  6.2
Stealth        | 1 |  1.8

Action                   |  1- 3 |  4- 6 |  7- 9 || total
-------------------------+-------+-------+-------++-------
Melee: Hand axe          |    13 |    36 |   113 ||   162
       Battleaxe         |       |       |    10 ||    10
Invok: Berserk           |       |     2 |     2 ||     4
  Eat: Ration            |       |       |     1 ||     1
       Chunk             |       |       |     4 ||     4
Armor: Animal skin       |     5 |     4 |       ||     9
       Plate armour      |       |    10 |    58 ||    68
Dodge: Dodged            |     7 |    10 |    25 ||    42
